 Dungeon Crawl Stone Soup version 0.30-b1-2-g02819fbbbe (webtiles) character file.

Game seed: 8780494924527621528

4200 LLlMATKO the Fighter (level 10, 0/136 HPs)
             Began as a Minotaur Berserker on Aug 6, 2023.
             Was a Priest of Trog.
             Engulfed by a cloud of steam (10 damage)
             ... on level 8 of the Dungeon.
             The game lasted 00:06:13 (8313 turns).

LLlMATKO the Fighter (Minotaur Berserker)           Turns: 8313, Time: 00:06:14

Health: 0/136      AC: 17    Str: 26    XL:     10   Next: 8%
Magic:  9/9        EV: 12    Int:  4    God:    Trog [***...]
Gold:   579        SH:  8    Dex: 16    Spells: 9/9 levels left

rFire   . . .        a - +1 hand axe (freeze)
rCold   . . .        E - +1 kite shield
rNeg    . . .        h - +0 chain mail
rPois   .            (helmet restricted)
rElec   .            D - +2 cloak
rCorr   .            t - +0 pair of gloves
SInv    .            b - +0 pair of boots
Will    .....        (no amulet) Stlth
                     i - +6 ring of dexterity
HPRegen 0.42/turn    (no ring)
MPRegen 0.11/turn

%: no passive effects
@: berserking, studying Dodging, very quick
A: horns 2, retaliatory headbutt
a: Renounce Religion, Berserk, Trog's Hand


You were on level 8 of the Dungeon.
You worshipped Trog.
Trog was most pleased with you.
You visited 1 branch of the dungeon, and saw 9 of its levels.

You collected 579 gold pieces.

Inventory:

Hand Weapons
 a - a +1 hand axe of freezing (weapon)
Armour
 b - a +0 pair of boots (worn)
 h - a +0 chain mail (worn)
 t - a +0 pair of gloves (worn)
 D - a +2 cloak (worn)
 E - a +1 kite shield (worn)
Jewellery
 i - a +6 ring of dexterity (left hand)
Wands
 v - a wand of roots (6)
 G - a wand of polymorph (8)
 H - a wand of flame (12)
Scrolls
 d - 7 scrolls of identify
 f - 2 scrolls of enchant weapon
 k - 2 scrolls of noise
 p - 2 scrolls of teleportation
 y - a scroll of fog
 F - a scroll of vulnerability
 I - a scroll of blinking
Potions
 c - 5 potions of curing
 g - a potion of brilliance {unknown}
 l - a potion of degeneration {unknown}
 m - a potion of berserk rage {unknown}
 o - a potion of experience {unknown}
 q - 2 potions of might {unknown}
 r - 3 potions of invisibility {unknown}
 s - a potion of ambrosia {unknown}
 u - a potion of heal wounds {unknown}
 w - 2 potions of attraction {unknown}
 z - a potion of lignification {unknown}
 A - a potion of haste {unknown}
 C - 2 potions of mutation {unknown}
 M - a potion of cancellation {unknown}


   Skills:
 + Level 9.6 Fighting
 + Level 9.5 Axes
 + Level 9.1 Armour
 + Level 8.5 Dodging


You had 9 spell levels left.
You didn't know any spells.
Your spell library was empty.

Dungeon Overview and Level Annotations

Branches:
Dungeon (9/15)             Temple (0/1) D:7
   Lair: D:8-11         Orc: D:9-12

Altars:
Cheibriados
Dithmenos
Gozag
Hepliaklqana
Nemelex Xobeh
Qazlal
Ru

Shops:
D:4 :[[?

Portals:
Abyss: D:5

Annotations:
D:5 2 transporters, Manslay's ghost, novice OpCj


Innate Abilities, Weirdness & Mutations

You have a pair of horns on your head.
You reflexively headbutt those who attack you in melee.


Message History

You completely miss the steam dragon.
The steam dragon is moderately wounded.
The steam dragon bites you but does no damage.
The steam dragon closely misses you.
You hit the steam dragon but do no damage.
The steam dragon is moderately wounded.
You block the steam dragon's attack. The steam dragon closely misses you.
You barely miss the steam dragon.
The steam dragon is moderately wounded.
The steam dragon breathes steam at you. The ball of steam hits you!
* * * LOW HITPOINT WARNING * * *
You hit the steam dragon. You freeze the steam dragon.
You headbutt the steam dragon.
The steam dragon is heavily wounded.
You are engulfed in a cloud of scalding steam.
The steam dragon bites you.
* * * LOW HITPOINT WARNING * * *
The steam dragon misses you.
A red film seems to cover your vision as you go berserk!
You feel yourself moving faster!
You feel mighty!
You are engulfed in a cloud of scalding steam.
* * * LOW HITPOINT WARNING * * *
The steam dragon bites you!
* * * LOW HITPOINT WARNING * * *
The steam dragon claws you but does no damage.
Unknown command.
You closely miss the steam dragon.
The steam dragon is heavily wounded.
You are engulfed in a cloud of scalding steam.
You slash the steam dragon! You freeze the steam dragon.
The steam dragon is almost dead.
You are engulfed in a cloud of scalding steam.
You block the steam dragon's attack. The steam dragon closely misses you.
You closely miss the steam dragon. You headbutt the steam dragon.
You kill the steam dragon!
Trog accepts your kill.
The steam dragon scales are intact enough to wear.
You are engulfed in a cloud of scalding steam.
You die...

#.......[[).....#.......###...#
###########........###.####.#.###
# #..#..............#.... #
#..#.###.##...#####.### #
#..#.###.#.....# #.## #
#....>...##...## #..# #
######.......####..# ##.# #
##..........[.# ##.# #.# #
#.....#....|@.# #.# #.#
#..........§§§# #.# ##.##
#.....#.......# #.# ###...#
##.........§§.# #.###...#..
##.###......§# #.....#...#
#.##[.####### ########.## #
#.##.## #.# # #.....# #.# #
#.##..# #.#


There were no monsters in sight!

Vanquished Creatures
  The ghost of mandor the Thaumaturge, a novice DjWr (D:6)
  Sigmund (D:6)
  A shadow (D:6)
  A wyvern (D:8)
  3 yaks (D:9)
  2 steam dragons
  Duvessa (D:7)
  A water moccasin (D:8)
  A black bear (D:5)
  2 orc warriors (D:8)
  An ice beast (D:3)
  5 ogres
  A sky beast (D:7)
  2 centaurs
  2 phantoms
  3 bullfrogs
  2 kobold brigands
  2 gnoll sergeants
  2 scorpions
  Dowan (D:7)
  2 killer bees (D:9)
  2 howler monkeys (D:5)
  2 hounds
  Crazy Yiuf (D:6)
  2 orc priests (D:8)
  5 jellies
  A sleepcap (D:5)
  2 iguanas (D:4)
  Natasha (thrice) (D:4)
  4 orc wizards
  5 gnolls
  6 adders
  A white imp (D:7)
  An ufetubus (D:4)
  2 worms
  A dart slug (D:5)
  15 orcs
  6 ball pythons
  4 bats
  2 endoplasms (D:4)
  5 giant cockroaches
  8 goblins
  5 hobgoblins
  13 kobolds
  3 frilled lizards (D:1)
  7 rats
143 creatures vanquished.

Notes
Turn   | Place    | Note
-------+----------+-------------------------------------------
     0 | D:1      | LLlMATKO the Minotaur Berserker began the quest for the
                  | Orb.
     0 | D:1      | Reached XP level 1. HP: 19/19 MP: 0/0
   133 | D:1      | Reached XP level 2. HP: 24/27 MP: 1/1
   483 | D:1      | Reached XP level 3. HP: 25/33 MP: 2/2
   844 | D:2      | Reached ** piety under Trog
  1270 | D:2      | Found a sparkling altar of Nemelex Xobeh.
  1382 | D:3      | Reached XP level 4. HP: 34/41 MP: 3/3
  1594 | D:3      | Noticed an ice beast
  1603 | D:3      | Killed an ice beast
  1604 | D:3      | Reached XP level 5. HP: 47/47 MP: 4/4
  2120 | D:4      | Found Loqocwu's Book Shoppe.
  2157 | D:4      | Reached skill level 5 in Fighting
  2285 | D:4      | Reached skill level 5 in Axes
  2395 | D:4      | Found Watsits's Armour Boutique.
  2474 | D:4      | Found Vilurgh's Magic Scroll Boutique.
  2494 | D:4      | Noticed Natasha
  2502 | D:4      | Killed Natasha
  2503 | D:4      | Reached XP level 6. HP: 49/56 MP: 5/5
  2806 | D:4      | Found Maimnid's Antique Armour Shoppe.
  2905 | D:4      | Found a snail-covered altar of Cheibriados.
  2905 | D:4      | Found a sacrificial altar of Ru.
  3029 | D:4      | Noticed Natasha
  3039 | D:4      | Killed Natasha
  3140 | D:4      | Noticed Natasha
  3147 | D:4      | Killed Natasha
  3148 | D:4      | Reached skill level 5 in Armour
  3148 | D:4      | Reached XP level 7. HP: 62/62 MP: 6/6
  3180 | D:4      | Found a shadowy altar of Dithmenos.
  3326 | D:5      | Entered Level 5 of the Dungeon
  3350 | D:5      | Identified the +5 sling of Jifece {drain, rElec rF+ Int+3
                  | Stlth+}
  3773 | D:5      | Reached skill level 5 in Dodging
  3987 | D:5      | Reached XP level 8. HP: 65/71 MP: 7/7
  4084 | D:5      | Found a transporter.
  4086 | D:5      | Found a transporter.
  4095 | D:5      | Found a one-way gate to the infinite horrors of the Abyss.
  4095 | D:5      | Noticed Manslay's ghost (novice OpCj)
  4656 | D:6      | Noticed Sigmund
  4678 | D:6      | Killed Sigmund
  5294 | D:6      | Found a stormy altar of Qazlal.
  5352 | D:6      | Found a runed translucent door.
  5353 | D:6      | Noticed Crazy Yiuf
  5374 | D:6      | Found a runed translucent door.
  5382 | D:6      | Noticed mandor's ghost (novice DjWr)
  5585 | D:6      | Killed mandor's ghost
  5586 | D:6      | Reached XP level 9. HP: 81/81 MP: 8/8
  5618 | D:6      | Killed Crazy Yiuf
  5730 | D:7      | Found an opulent altar of Gozag.
  6594 | D:7      | Noticed Duvessa
  6597 | D:7      | Noticed Dowan
  6609 | D:7      | Killed Duvessa
  6611 | D:7      | Killed Dowan
  6867 | D:7      | Found a staircase to the Ecumenical Temple.
  7253 | D:8      | Reached *** piety under Trog
  7476 | D:8      | Identified the staff of earth "Rekkeps" {rF+ Dex+2}
  7874 | D:8      | Found a faded altar of an unknown god.
  7929 | D:8      | Found a hazy altar of Hepliaklqana.
  8116 | D:9      | Identified a scroll of acquirement
  8116 | D:9      | Acquired a manual of Dodging
  8207 | D:9      | Reached XP level 10. HP: 76/91 MP: 9/9
  8313 | D:8      | Engulfed by a cloud of steam

Illustrated notes

Levels and vault maps discovered:
D:1:      wander_arrival_desolate, layout_loops_ring
D:2:      cheibrodos_old_hovel, layout_rooms, basic_altar
D:3:      layout_basic
D:4:      layout_cave_pods, mainiacjoe_overflow_six_doors_small,
          amethyst_overflow_temple_binary, serial_shops, shop,
          nicolae_shop_trees, nicolae_diamond_shop, shop,
          minmay_misc_feat_more_columns, kennysheep_boxes, uniq_natasha
D:5:      layout_layer_cave, gammafunk_ghost_abyssal_escape
D:6:      layout_gridville, lemuel_tele_altar, gammafunk_ghost_grave,
          hangedman_minor_gate_pass, uniq_crazy_yiuf_cottage, uniq_sigmund
D:7:      layout_basic, nicolae_gozag_seed_capital,
          minmay_temple_entry_poolview, uniq_duvessa
D:8:      layout_loops_ring, beargit_hepliaklqana_dungeon_heroes
D:9:      layout_stronghold, mainiacjoe_overflow_paths, fiery_altar_vehumet,
          enter_bailey_5, dreamdust_mushroom_princess,
          nicolae_nh_ransacked_shop, uniq_pikel

Skill      XL: |  1  2  3  4  5  6  7  8  9 |
---------------+----------------------------+-----
Fighting       | 4 5 6 8 9 |  9.6
Axes           | 4 5 6 8 9 |  9.5
Armour         | 3 4 5 6 7 9 |  9.1
Dodging        | 3 4 5 7 8 |  8.5

Action                     |  1- 3 |  4- 6 |  7- 9 | 10-12 || total
---------------------------+-------+-------+-------+-------++-------
  Melee: Hand axe          |    93 |    78 |   271 |    21 ||   463
         Headbutt          |     7 |    16 |    62 |     4 ||    89
         Punch             |     2 |     1 |     3 |       ||     6
 Invoke: Berserk           |       |     2 |     6 |     1 ||     9
         Trog's Hand       |       |       |     1 |       ||     1
    Use: Scroll            |       |       |     7 |     7 ||    14
 Armour: Animal skin       |    13 |       |       |       ||    13
         Chain mail        |     6 |    41 |   125 |    13 ||   185
  Dodge: Dodged            |    50 |    32 |   102 |    14 ||   198
  Block: Kite shield       |       |       |    33 |     9 ||    42
